Description

This build order provide a 30seconds later 2-1-1 push with 1-1 upgrades before de push go out and 3-1-1 follow up into 5-1-1 before the 6minutes mark and good transition into drilling claws 5-2-1 or direct into 8-1-1 as well depending on how games go on

Replay - Barreira do Inverno LE

Build Order

Get SALT Encoding   

  16  0:40  Barracks  
  16  0:44  Refinery  
  19  1:27  Reaper, Orbital Command  
  20  1:41  Command Center  take 3scv's out of the refinery to mining after 50 gas to the racks reactor
  21  2:00  Barracks Reactor  
  23  2:20  Command Center  pull back the 3 scv's into ref
  23  2:28  Barracks  techlab and stimpack after racks completion
  26  2:40  Refinery  
  27  2:52  Orbital Command  
  30  3:10  Factory  
  43  4:00  Starport, Factory Reactor  
  48  4:16  Barracks  
  58  4:25  Supply Depot, Refinery  double gas on the natural, 2x supply depot at a time after double refinery
  58  4:30  Engineering Bay  2x Ebay and 1-1
  58  4:40  Medivac  2x medivac after swaping factory reactor with starport, make a techlab on the factory for a further tank or reactor
  80  5:35  Barracks  2x after the 2 medivacs get completed, swap the 3rd barracks into the starport reactor and make another reactor into the starport, the additional gases will be enough to give a siege tank
  103  6:20  Armory  the armory after the 5-1-1 will time precisely into the upgrades timing for 2-2 and you can choose into a fast drilling claws with additional factory withouth fearing to not have a good mmm production
Spawning Tool Build Advisor. Get it on Overwolf

Analysis

Hit strong economic follow up at the 4:30 minute and the biggest weakness is a roach raveger push during the factory reactor time . take 3 scv's out from the refinery and queue the 2nd depot scv to build the 3rd cc and pull back 3 scv's into gas +1rax and 1+refinery then a normal 2-1-1 follow up

Plus the 1st medivac duo can afford to have some mistakes since the production will be already very strong if you manage to put the 3rd cc in location after fully saturate the natural and don't forget to put 2more racks down after the exchange place with the 3rd rax starport reactor. the drilling claws upgrade will be out at 8:10/8:30 or even double tank/ fulltime lib production depending of how the 1st 2/3 drops of medivacs goes. the very fast 3rd cc saturation allows these gas units to come very fast.

Go to:

Details

  • Created by: mwaltr     
  • Published on: Aug 21, 2019
  • Modified on: Aug 21, 2019
  • Patch: 4.7.1
Show
View Real Time Build Order
Export as new Build Order

Comments (0)

There are no comments. Be the first!

Create an account to comment!